 Dungeon Crawl Stone Soup version 0.29-a0-925-g0a7a3d12f8 (webtiles) character file.

Game seed: 4016263160513937455

83049 mcwallace the Eclecticist (level 15, -18/84 HPs)
             Began as a Deep Elf Fire Elementalist on July 28, 2022.
             Was the Champion of Vehumet.
             Demolished by Rupert
             ... wielding a +2 great mace of venom
              (32 damage)
             ... on level 13 of the Dungeon on July 29, 2022.
             The game lasted 01:38:18 (29127 turns).

mcwallace the Eclecticist (DEFE)                   Turns: 29127, Time: 01:38:19

Health: -18/84     AC: 20    Str:  9    XL:     15   Next: 31%
Magic:  21/37      EV: 24    Int: 28    God:    Vehumet [******]
Gold:   1936       SH:  5    Dex: 24    Spells: 15/47 levels left

rFire   . . .      SeeInvis .   f - +10 shortbow of Crusades {venom, rElec Str+4 Stlth-, bow}
rCold   + . .      Faith    .   (shield currently unavailable)
rNeg    . . .      Spirit   .   T - +0 troll leather armour
rPois   .          Reflect  +   p - +2 helmet
rElec   +          Harm     .   j - +2 cloak
rCorr   .          Rampage  +   x - +2 pair of gloves
Will    +....                   D - +1 pair of boots {rampage}
Stlth   +.........              P - amulet of Uleneffi {Reflect Dex+9 SH+5}
HPRegen 1.04/turn               d - +4 ring of protection
MPRegen 0.25/turn               n - ring of protection from cold

@: lethally poisoned (-18 -> -39)
A: no striking features
a: Renounce Religion


You were on level 13 of the Dungeon.
You worshipped Vehumet.
Vehumet was exalted by your worship.
You visited 4 branches of the dungeon, and saw 21 of its levels.
You also visited: Sewer, Gauntlet and Ice Cave.

You collected 1984 gold pieces.
You spent 48 gold pieces at shops.


   Skills:
 - Level 6.1 Fighting
 + Level 2.6 Ranged Weapons
 - Level 3.0 Armour
 - Level 15.1 Dodging
 - Level 2.4 Stealth
 + Level 16.7 Spellcasting
 - Level 8.2 Conjurations
 + Level 6.2 Transmutations
 - Level 13.3 Fire Magic
 - Level 7.2 Ice Magic
 + Level 6.2 Poison Magic
 - Level 10.0 Evocations


You had 15 spell levels left.
You knew the following spells:

 Your Spells              Type           Power      Damage    Failure   Level
a - Foxfire               Conj/Fire      100%       2x1d9     1%          1
b - Scorch                Fire           100%       2d10      0%          2
c - Flame Wave            Conj/Fire      71%        2d16      1%          4
d - Frozen Ramparts       Ice            100%       1d12      1%          3
e - Freezing Cloud        Conj/Ice/Air   25%        6-21      2%          5
f - Eringya's Noxious Bo  Tmut/Pois      27%        N/A       9%          6
g - Mephitic Cloud        Conj/Pois/Air  50%        N/A       1%          3
h - Ignition              Fire           39%        3d12      19%         8

Your spell library contained the following spells:

 Spells                   Type           Power      Damage    Failure   Level
 Yara's Violent Unravell  Hex/Tmut       20%        3d9       6%          5
 Freeze                   Ice            100%       1d11      1%          1
 Magic Dart               Conj           100%       1d8       1%          1
 Sandblast                Erth           46%        2d11      1%          1
 Passwall                 Tmut/Erth      34%        N/A       1%          2
 Static Discharge         Conj/Air       46%        3-9/arc   1%          2
 Conjure Flame            Conj/Fire      71%        6-21      1%          3
 Ignite Poison            Fire/Tmut/Pois 64%        N/A       1%          3
 Inner Flame              Hex/Fire       57%        N/A       1%          3
 Hailstorm                Conj/Ice       61%        3d13      1%          4
 Fireball                 Conj/Fire      35%        3d15      1%          5
 Starburst                Conj/Fire      35%        6d10      1%          6
 Apportation              Tloc           46%        N/A       2%          1
 Necrotise                Necr           92%        1d8       2%          1
 Summon Small Mammal      Summ           92%        N/A       2%          1
 Call Imp                 Summ           23%        N/A       4%          2
 Lightning Bolt           Conj/Air       23%        1d38      4%          5
 Alistair's Intoxication  Tmut/Pois      36%        N/A       6%          5
 Blade Hands              Tmut           27%        N/A       6%          5
 Gell's Gravitas          Tloc           23%        N/A       9%          3
 Lesser Beckoning         Tloc           23%        N/A       9%          3
 Portal Projectile        Hex/Tloc       46%        N/A       9%          3
 Teleport Other           Tloc           23%        N/A       9%          3
 Tukima's Dance           Hex            23%        N/A       9%          3
 Iron Shot                Conj/Erth      23%        9d5       21%         6
 Animate Armour           Summ/Erth      46%        N/A       26%         4
 Borgnjor's Vile Clutch   Necr/Erth      11%        N/A       58%         5
 Dispersal                Tloc           11%        N/A       99%         6
 Maxwell's Capacitive Co  Air            11%        ∞         100%        8

Inventory:

Hand Weapons
 f - the +10 shortbow of Crusades (weapon) {venom, rElec Str+4 Stlth-, bow}
   (You took it off a minotaur in a Gauntlet)

   Any ammunition fired from it poisons the flesh of those it strikes.
   Str:       It affects your strength (+4).
   rElec:     It insulates you from electricity.
   Stlth:     It makes you less stealthy.
 k - the +8 great mace "Qoawk" {vorpal, *Slow +Blink rN+++ Dex-5, mace}
   (You took it off a minotaur in a Gauntlet)

   It inflicts extra damage upon your enemies.
   Dex:       It affects your dexterity (-5).
   rN:        It renders you almost immune to negative energy.
   +Blink:    It lets you blink.
   *Slow:     It may slow you when you take damage.
Missiles
 o - 41 poisoned darts {throwing}
 H - a curare-tipped dart {=fthrowing}
Armour
 g - the +0 cloak of the True Pharaoh {rC+ Str+3 Int-3}
   (You found it in a Gauntlet)

   Str:       It affects your strength (+3).
   Int:       It affects your intelligence (-3).
   rC:        It protects you from cold.
 j - a +2 cloak (worn)
   (You found it on level 1 of the Dungeon)
 p - a +2 helmet (worn)
   (You found it on level 1 of the Lair of Beasts)
 x - a +2 pair of gloves (worn)
   (You found it on level 2 of the Dungeon)
 D - a +1 pair of boots of rampaging (worn)
   (You found it on level 11 of the Dungeon)
 M - a scarf of invisibility
   (You found it on level 9 of the Dungeon)
 T - a +0 troll leather armour (worn)
   (You found it on level 10 of the Dungeon)
Magical Staves
 O - a staff of cold {!astaff}
   (You found it on level 9 of the Dungeon)
Jewellery
 a - a ring of fire
   (You found it on level 2 of the Lair of Beasts)
 d - a +4 ring of protection (left hand)
   (You found it on level 4 of the Dungeon)
 n - a ring of protection from cold (right hand)
   (You found it on level 6 of the Dungeon)
 y - a ring of wizardry
   (You found it on level 5 of the Lair of Beasts)
 A - a ring of willpower
   (You found it on level 4 of the Lair of Beasts)
 P - the amulet of Uleneffi (around neck) {Reflect Dex+9 SH+5}
   (You found it in a Gauntlet)

   [amulet of reflection]

   It reflects blocked missile attacks.
   Dex:       It affects your dexterity (+9).
   SH:        It affects your SH (+5).
 R - a ring of see invisible
   (You found it on level 10 of the Dungeon)
Wands
 e - a wand of flame (39)
   (You took it off Maurice on level 8 of the Dungeon)
 r - a wand of charming (4)
   (You found it on level 9 of the Dungeon)
 u - a wand of digging (10)
   (You found it on level 5 of the Lair of Beasts)
 F - a wand of iceblast (6)
   (You found it on level 2 of the Lair of Beasts)
 K - a wand of mindburst (6)
   (You found it on level 3 of the Lair of Beasts)
 W - a wand of quicksilver (5)
   (You found it on level 4 of the Lair of Beasts)
 Y - a wand of polymorph (6)
   (You found it on level 4 of the Lair of Beasts)
Scrolls
 i - 5 scrolls of fog
 s - 5 scrolls of immolation {!r!r}
 v - 4 scrolls of fear
 z - 3 scrolls of vulnerability {!r!r}
 C - 3 scrolls of enchant weapon
 G - a scroll of summoning
 J - a scroll of magic mapping {!r}
 L - 2 scrolls of poison {!r}
 N - a scroll of amnesia
 S - 7 scrolls of teleportation {@r4}
 Z - 2 scrolls of blinking {!r}
Potions
 b - 2 potions of magic
 c - 6 potions of heal wounds {@q2}
 h - 3 potions of mutation {!q}
 l - 8 potions of curing {@q1}
 m - 2 potions of cancellation {unknown}
 q - 5 potions of attraction {unknown}
 t - 9 potions of ambrosia
 w - 4 potions of brilliance {unknown}
 B - 3 potions of resistance
 E - a potion of flight {unknown}
 I - 4 potions of invisibility {unknown}
 Q - a potion of might
 V - 3 potions of berserk rage {unknown}
Miscellaneous
 U - a condenser vane
   (You found it on level 1 of the Lair of Beasts)
 X - a lightning rod (4/4)
   (You found it in an ice cave)

Dungeon Overview and Level Annotations

Branches:
Dungeon (13/15) Zot: 26425  Temple (1/1) D:7 Zot: 5704    Lair (5/5) D:10 Zot: 22311
  Swamp (0/4) Lair:2       Spider (0/4) Lair:2        Slime (0/5) Lair:4
    Orc (2/2) D:12 Zot: 10204     Elf (0/3) Orc:2         Sewer (visited)
  IceCv (visited)         Gauntlet (visited)
 Vaults: D:13-14

Altars:
Cheibriados
Dithmenos
Elyvilon
Fedhas
Hepliaklqana
Makhleb
Nemelex Xobeh
Okawaru
Qazlal
Trog
Uskayaw
Vehumet
Wu Jian
Xom
Zin
The Shining One
Jiyva

Shops:
Orc:2 [*![

Annotations:
D:9 3 runed translucent doors, OstrichLN's ghost, novice MiCK
D:13 2 transporters, Fyzyjia Apiu's ghost, journeyman VSAK; Rupert
Lair:4 1 runed translucent door
Lair:5 exclusion: obsidian statue
Orc:1 2 transporters, quixfox's ghost, journeyman GrEE

#. .# .. #### ##... .##
#..##..##.## #. #.####....#
#...# .# ##.##......#
#....###.# # .........".#
#..#.....# .#
...........####..##...#####...
.##...........#..##.........#
##.......###....@........#
##...#..####.....@......#
#....#...............##.##
#....#..###.........###..#
.......##
##.........##..###..# .......#
#....####.........# .......#
#....# #..####...# ..####.##
##...## #.## ....# ###
##.###....#####.# ....


You could see Rupert (berserk, extremely poisoned).


Message History

There is a transporter landing site here.
Found a stone staircase leading up.
There is a stone staircase leading up here.
Your pack is full.
You see here an amulet of regeneration {@e2}.
Unknown command.
Your pack is full.
You see here an amulet of regeneration {@e2}.
Could not pick up an amulet of regeneration {@e2} here; ([A]lways) ignore it?
Autopickup disabled for amulets of regeneration.
Found a stone staircase leading down.
c - 6 potions of heal wounds {@q2} (gained 1)
You now have 1925 gold pieces (gained 17).
You now have 1936 gold pieces (gained 11).
Rupert the Wild comes into view.
He is wielding a +2 great mace of venom and wearing a +0 chain mail of fire resistance.
Rupert shouts!
Rupert moves out of view.
Casting: Flame Wave (safe; 1% risk of failure)
Confirm with . or Enter, or press ? or * to list all spells.
Aiming: Mephitic Cloud (safe; 1% risk of failure)
Press: ? - help, Shift-Dir - straight line The ball explodes into a vile cloud!
The stinking cloud engulfs Rupert but does no damage.
Rupert is engulfed in noxious fumes.
Rupert roars wildly at you.
You are confused. 😎 MP[-3]
You lost 3 mp, and now have 34/37 mp.
Rupert is engulfed in noxious fumes.
Rupert appears confused.
Rupert is engulfed in noxious fumes. 😎 MP[+1]
You feel less confused. 😎 MP[+1]
Casting: Mephitic Cloud (safe; 1% risk of failure)
Confirm with . or Enter, or press ? or * to list all spells.
Aiming: Mephitic Cloud (safe; 1% risk of failure)
Press: ? - help, Shift-Dir - straight line The ball explodes into a vile cloud!
The stinking cloud engulfs Rupert but does no damage.
Rupert is engulfed in noxious fumes.
Rupert appears confused. 😎 MP[-3]
You lost 3 mp, and now have 33/37 mp.
Casting: Mephitic Cloud (safe; 1% risk of failure)
Confirm with . or Enter, or press ? or * to list all spells.
Casting: Eringya's Noxious Bog (dangerous; 9% risk of failure)
Press: ? - help, Dir - look around, f - activate Splash!
You fall into the toxic bog.
Moving in this stuff is going to be slow.
You spew toxic sludge!
Rupert is engulfed in noxious fumes.
Rupert festers in the toxic bog!
Rupert looks as sick as possible! 😎 MP[-6]
You lost 6 mp, and now have 27/37 mp.
Rupert festers in the toxic bog!
Rupert looks as sick as possible! 😎 MP[+1] Rupert seems less confused.
Rupert is engulfed in noxious fumes. x2
Rupert attacks as you move away! You block Rupert's attack.
Rupert festers in the toxic bog!
Rupert looks as sick as possible!
Your noxious spew wanes.
Rupert yells loudly at you.
You resist with significant effort. 😎 MP[+1]
Casting: Eringya's Noxious Bog (dangerous; 9% risk of failure)
Confirm with . or Enter, or press ? or * to list all spells.
Flames lash Rupert.
Rupert resists.
Rupert's fire resistance burns away.
Rupert roars madly and goes into a rage!
Rupert goes berserk! 😎 MP[-2]
You lost 2 mp, and now have 27/37 mp.
Casting: Scorch (safe; 0% risk of failure)
Confirm with . or Enter, or press ? or * to list all spells.
Casting: Flame Wave (safe; 1% risk of failure)
Press: ? - help, Dir - look around, f - activate A wave of flame ripples out! (Press . to intensify the flame waves.) 😎 MP[-4]
You lost 4 mp, and now have 23/37 mp.
A wave of flame ripples out!
The flame wave engulfs Rupert!
Rupert hits you with a +2 great mace of venom!!
You are poisoned.
You block Rupert's attack. 😮 HP[-32]
You take 32 damage, and now have 52/84 hp.
MASSIVE DAMAGE!! (PAUSE)
A wave of flame ripples out!
The flame wave engulfs Rupert!
You feel extremely sick.
Rupert is no longer more vulnerable to fire.
Rupert closely misses you. 😮 HP[-7] MP[-1]
You take 7 damage, and now have 45/84 hp.
You lost 1 mp, and now have 22/37 mp.
A wave of flame ripples out!
The flame wave engulfs Rupert but does no damage.
You finish channelling waves of flame.
You feel very sick.
Rupert hits you with a +2 great mace of venom!!
* * * LOW HITPOINT WARNING * * *
You are lethally poisoned!
Rupert hits you with a +2 great mace of venom!!
You die...

Skill      XL: |  1  2  3  4  5  6  7  8  9 10 11 12 13 14 15 |
---------------+----------------------------------------------+-----
Dodging        | 3 4 5 6 8 9 10 12 13 14 15 | 15.1
Fighting       | 1 2 3 4 5 6 |  6.1
Spellcasting   | 4 5 6 7 9 10 11 13 14 16 | 16.7
Conjurations   | 2 3 4 5 7 8 |  8.2
Fire Magic     | 4 5 6 7 9 10 11 12 13 | 13.3
Ice Magic      | 1 4 7 |  7.2
Evocations     | 1 4 6 9 10 | 10.0
Armour         | 2 3 |  3.0
Transmutations | 5 6 |  6.2
Poison Magic   | 5 6 |  6.2
Ranged Weapons | 2 |  2.6
Stealth        | |  2.4

Action                   |  1- 3 |  4- 6 |  7- 9 | 10-12 | 13-15 || total
-------------------------+-------+-------+-------+-------+-------++-------
Melee: Spear             |     5 |       |       |       |       ||     5
       Short sword       |    21 |    23 |    24 |    63 |    12 ||   143
       Punch             |       |       |       |     1 |       ||     1
       Demon blade       |       |       |       |       |    22 ||    22
 Fire: Shortbow          |       |       |       |       |   352 ||   352
 Cast: Foxfire           |    49 |   119 |   199 |   457 |    78 ||   902
       Scorch            |     4 |    18 |    38 |    73 |   125 ||   258
       Flame Wave        |       |       |     8 |    32 |    79 ||   119
       Frozen Ramparts   |       |       |       |    26 |    25 ||    51
       Freezing Cloud    |       |       |       |       |    62 ||    62
       Mephitic Cloud    |       |       |       |       |     6 ||     6
       Ignition          |       |       |       |       |     3 ||     3
       Eringya's Noxious |       |       |       |       |     1 ||     1
Evoke: Wand              |       |       |       |       |     5 ||     5
  Use: Scroll            |       |       |     7 |     8 |    14 ||    29
       Potion            |       |       |       |       |     1 ||     1
 Stab: Sleeping          |     3 |     1 |       |       |       ||     4
Armor: Robe              |     4 |    13 |    16 |    16 |       ||    49
       Troll leather arm |       |       |       |    41 |   139 ||   180
Dodge: Dodged            |    19 |    29 |    46 |   162 |   314 ||   570
Block: Other             |       |       |       |       |    72 ||    72
       Reflection        |       |       |       |       |    19 ||    19

Levels and vault maps discovered:
D:1:      lightli_arrival_chessboard, layout_loops_corners,
          minmay_tree_intersection
D:2:      layout_loops_ring, serial_co_window_serial, co_window_corner_a,
          co_window_corner_a, co_window_paths_b, co_window_corner_a,
          co_window_paths_b, co_window_of_opportunity_c, co_window_broadway_c,
          co_window_corner_cb, co_window_corner_b, co_window_2corner,
          co_window_4corner_a, co_window_paths_e, glass_columns_c,
          shapermc_ecumenical_altar_mp_highgroup
D:3:      layout_rooms
D:4:      layout_loops_ring, cheibrodos_sewer_entry_drain, uniq_pikel
D:5:      mumra_celtic_spiral_tile, layout_basic, mainiacjoe_overflow_catwalk,
          minmay_misc_feat_secret_circle, uniq_grinder, uniq_menkaure
D:6:      layout_loops_ring
D:7:      layout_layer_cave, minmay_temple_entry_offerings
D:8:      layout_rooms, nemelex_spade_bored_becter, special_room
          [special_room_orc], serial_curves, eino_curves_02, eino_curves_04,
          hangedman_decor_growths, uniq_maurice, uniq_prince_ribbit1
D:9:      layout_basic, ebering_ghost_rock_garden
D:10:     layout_rooms, dpeg_lair_monsters
D:11:     layout_loops_cross, ebering_ghost_inner_flame, gauntlet_entry_generic,
          uniq_fannar, uniq_josephine, uniq_erolcha
D:12:     layout_cave_pools, portal_ice_cave_entry_ice_simulacra, drop_trap,
          palyth_stone_intersect, minivault_8
D:13:     layout_layer_cave, grunt_vaults_entry_fortified,
          gammafunk_ghost_wrathful_warriors, uniq_rupert
Temple:   mainiacjoe_temple_big_plus
Lair:1:   layout_regular_city, serial_bayou_shore_b,
          infiniplex_staircase_pool_2, grunt_megastairs_4, lemuel_fruit_fields
Lair:2:   layout_roguey [special_room_bee], minmay_swamp_entry_swarm,
          spider_nest_entry_rubble
Lair:3:   layout_layer_cave, patterned_corridor, lemuel_fruit_fields,
          lemuel_fruit_fields
Lair:4:   layout_regular_city, slime_entry_2, serial_bayou_shore_a,
          grunt_megastairs_2, serial_bayou_shore_b
Lair:5:   due_jungle_book, layout_misc_corridors
Orc:1:    layout_caves, gammafunk_ghost_arena, uniq_nergalle
Orc:2:    st_orc_rangers, layout_diamond_mine, nicolae_orc_rockfall, uniq_urug

Notes
Turn   | Place    | Note
-------+----------+-------------------------------------------
     0 | D:1      | mcwallace the Deep Elf Fire Elementalist began the quest
                  | for the Orb.
     0 | D:1      | Reached XP level 1. HP: 10/10 MP: 6/6
     0 | D:1      | magus.rc [v1.9.6]
   438 | D:1      | Reached XP level 2. HP: 6/16 MP: 2/8
  1194 | D:1      | You pick up a book of Cantrips and begin reading...
  1194 | D:1      | You add the spells Necrotise, Summon Small Mammal and
                  | Apportation to your library.
  1961 | D:2      | Reached XP level 3. HP: 20/20 MP: 6/10
  2017 | D:2      | Reached skill level 3 in Dodging
  2020 | D:2      | Learned a level 2 spell: Scorch
  2223 | D:2      | Noticed a phantom
  2229 | D:2      | Killed a phantom
  2230 | D:2      | Reached skill level 1 in Fighting
  2230 | D:2      | Reached skill level 4 in Spellcasting
  2230 | D:2      | Reached skill level 2 in Conjurations
  2230 | D:2      | Reached skill level 4 in Fire Magic
  2230 | D:2      | Reached XP level 4. HP: 22/25 MP: 1/12
  2333 | D:2      | Found a faded altar of an unknown god.
  3008 | D:3      | Reached XP level 5. HP: 29/29 MP: 8/13
  3223 | D:3      | You add the spells Ignite Poison, Mephitic Cloud and
                  | Freezing Cloud to your library.
  3877 | D:4      | HP: 5/30 [something/magic dart (6)]
  3880 | D:4      | Reached skill level 4 in Dodging
  3880 | D:4      | Reached skill level 3 in Conjurations
  4194 | D:4      | Noticed a lemure
  4195 | D:4      | Noticed a lemure
  4197 | D:4      | Noticed Pikel
  4214 | D:4      | Reached XP level 6. HP: 32/35 MP: 4/15
  4247 | D:4      | HP: 7/35 [lemure[Pikel] (4)]
  4535 | D:4      | Found a glowing drain.
  4542 | D:4      | Reached skill level 2 in Fighting
  4542 | D:4      | Reached skill level 5 in Spellcasting
  4549 | Sewer    | Entered a sewer
  5040 | Sewer    | Reached XP level 7. HP: 26/40 MP: 3/17
  5385 | Sewer    | Reached skill level 5 in Fire Magic
  5797 | D:4      | Identified the +2 quarterstaff of Yrom Mept {flame, rElec
                  | rN+ Will- SInv}
  6127 | D:4      | Reached skill level 4 in Conjurations
  6265 | D:4      | Reached skill level 5 in Dodging
  6425 | D:4      | Killed Pikel
  6426 | D:4      | Reached skill level 3 in Fighting
  6426 | D:4      | Reached skill level 6 in Spellcasting
  6426 | D:4      | Reached XP level 8. HP: 32/46 MP: 10/19
  6731 | D:4      | Learned a level 4 spell: Flame Wave
  6768 | D:5      | Entered Level 5 of the Dungeon
  6823 | D:5      | Reached skill level 5 in Conjurations
  7137 | D:5      | Noticed Menkaure
  7143 | D:5      | Reached skill level 6 in Fire Magic
  7145 | D:5      | Killed Menkaure
  7146 | D:5      | Reached skill level 6 in Dodging
  7681 | D:5      | Reached skill level 7 in Spellcasting
  7725 | D:5      | Noticed Grinder
  7735 | D:5      | Killed Grinder
  7736 | D:5      | Reached skill level 4 in Fighting
  7846 | D:5      | Found a snail-covered altar of Cheibriados.
  7868 | D:5      | You add the spells Sandblast and Passwall to your library.
  7868 | D:5      | Got the Compendium of the Geologist
  8086 | D:6      | Reached XP level 9. HP: 52/52 MP: 8/22
  8330 | D:6      | Reached skill level 6 in Conjurations
  8566 | D:6      | Reached skill level 7 in Dodging
  8619 | D:6      | Reached skill level 8 in Spellcasting
  8732 | D:6      | Reached skill level 7 in Fire Magic
  9809 | D:7      | Reached skill level 5 in Fighting
  9938 | D:7      | Reached skill level 7 in Conjurations
  9952 | D:7      | Reached skill level 8 in Dodging
 10066 | D:7      | Reached skill level 9 in Spellcasting
 10073 | D:7      | Reached XP level 10. HP: 59/59 MP: 15/25
 10148 | D:7      | You add the spells Gell's Gravitas, Teleport Other and
                  | Dispersal to your library.
 10267 | D:7      | You pick up a book of Frost and begin reading...
 10267 | D:7      | You add the spells Freeze, Frozen Ramparts and Hailstorm to
                  | your library.
 10272 | D:7      | Learned a level 3 spell: Frozen Ramparts
 10336 | D:7      | Found a staircase to the Ecumenical Temple.
 10343 | D:7      | You pick up a book of Weapons and begin reading...
 10343 | D:7      | You add the spells Tukima's Dance, Portal Projectile and
                  | Blade Hands to your library.
 10346 | Temple   | Entered the Ecumenical Temple
 10584 | Temple   | Became a worshipper of Vehumet
 10948 | D:7      | You pick up a book of Displacement and begin reading...
 11537 | D:8      | Noticed Maurice
 11547 | D:8      | Killed Maurice
 11548 | D:8      | Reached skill level 8 in Fire Magic
 12039 | D:8      | Found a sparkling altar of Nemelex Xobeh.
 12137 | D:8      | Noticed Prince Ribbit
 12151 | D:8      | Killed Prince Ribbit
 12561 | D:8      | Reached * piety under Vehumet
 12561 | D:8      | Offered knowledge of Magic Dart by Vehumet.
 12913 | D:9      | Reached skill level 9 in Dodging
 12913 | D:9      | Reached skill level 8 in Conjurations
 13027 | D:9      | Noticed a rust devil
 13030 | D:9      | Reached skill level 10 in Spellcasting
 13070 | D:9      | Reached skill level 6 in Fighting
 13266 | D:9      | Found a runed translucent gate.
 13267 | D:9      | Found a runed translucent gate.
 13267 | D:9      | Noticed OstrichLN's ghost (novice MiCK)
 13276 | D:9      | Found a runed translucent gate.
 14142 | D:10     | Entered Level 10 of the Dungeon
 14372 | D:10     | Noticed a cyclops
 14379 | D:10     | Killed a cyclops
 14380 | D:10     | Reached skill level 9 in Fire Magic
 14403 | D:10     | Noticed a two-headed ogre
 14411 | D:10     | Killed a two-headed ogre
 14411 | D:10     | Reached ** piety under Vehumet
 14412 | D:10     | Reached skill level 1 in Ice Magic
 14412 | D:10     | Reached skill level 1 in Evocations
 14412 | D:10     | Reached XP level 11. HP: 31/64 MP: 8/27
 14417 | D:10     | Offered knowledge of Searing Ray by Vehumet.
 14417 | D:10     | HP: 16/64 [poisoned by an orc warrior]
 14688 | D:10     | Noticed a death yak
 14793 | D:10     | Noticed a two-headed ogre
 14800 | D:10     | Killed a two-headed ogre
 14801 | D:10     | Reached skill level 2 in Ice Magic
 14801 | D:10     | Reached skill level 2 in Evocations
 15031 | D:10     | Noticed a two-headed ogre
 15228 | D:10     | Killed a two-headed ogre
 15550 | D:10     | Found a staircase to the Lair.
 15554 | D:10     | Noticed a death yak
 15554 | D:10     | Noticed a death yak
 15568 | D:10     | Killed a death yak
 15569 | D:10     | Reached skill level 1 in Armour
 15569 | D:10     | Reached skill level 10 in Dodging
 15569 | D:10     | Reached skill level 11 in Spellcasting
 15569 | D:10     | Reached skill level 3 in Ice Magic
 15569 | D:10     | Reached skill level 3 in Evocations
 15594 | D:10     | Killed a death yak
 15596 | D:10     | Killed a death yak
 15745 | Lair:1   | Entered Level 1 of the Lair of Beasts
 15863 | Lair:1   | Reached skill level 2 in Armour
 15924 | Lair:1   | Offered knowledge of Poisonous Vapours by Vehumet.
 15926 | Lair:1   | Reached skill level 4 in Evocations
 15928 | Lair:1   | Reached skill level 4 in Ice Magic
 16009 | Lair:1   | Noticed an eight-headed hydra
 16022 | Lair:1   | Killed an eight-headed hydra
 16023 | Lair:1   | Reached skill level 10 in Fire Magic
 16187 | Lair:1   | Reached *** piety under Vehumet
 16298 | Lair:1   | Reached XP level 12. HP: 55/70 MP: 12/29
 16450 | Lair:1   | You pick up a book of Iron and begin reading...
 16450 | Lair:1   | You add the spells Animate Armour and Iron Shot to your
                  | library.
 16958 | Lair:2   | Reached skill level 3 in Armour
 16959 | Lair:2   | Reached skill level 12 in Spellcasting
 16959 | Lair:2   | Reached skill level 5 in Ice Magic
 16960 | Lair:2   | Offered knowledge of Airstrike by Vehumet.
 16965 | Lair:2   | Reached skill level 5 in Evocations
 16968 | Lair:2   | Reached skill level 11 in Dodging
 17150 | Lair:2   | Found a staircase to the Swamp.
 17268 | Lair:2   | Noticed a death yak
 17270 | Lair:2   | Noticed a death yak
 17273 | Lair:2   | Noticed a death yak
 17278 | Lair:2   | Noticed a death yak
 17295 | Lair:2   | Killed a death yak
 17295 | Lair:2   | Killed a death yak
 17296 | Lair:2   | Reached skill level 6 in Ice Magic
 17297 | Lair:2   | Reached skill level 6 in Evocations
 17297 | Lair:2   | Killed a death yak
 17302 | Lair:2   | Killed a death yak
 17530 | Lair:2   | Reached skill level 11 in Fire Magic
 17541 | Lair:2   | Reached **** piety under Vehumet
 17568 | Lair:2   | Offered knowledge of Sticky Flame by Vehumet.
 17674 | Lair:2   | Reached skill level 13 in Spellcasting
 17981 | Lair:2   | HP: 15/70 [poisoned by a wolf spider]
 17984 | Lair:2   | HP: 6/70 [poisoned by a wolf spider]
 17989 | Lair:2   | HP: 3/70 [poisoned by a wolf spider]
 18293 | Lair:2   | Found a hole to the Spider Nest.
 18548 | Lair:3   | Reached skill level 12 in Dodging
 18589 | Lair:3   | Reached skill level 7 in Ice Magic
 18589 | Lair:3   | Reached XP level 13. HP: 66/74 MP: 26/32
 18612 | Lair:3   | Learned a level 5 spell: Freezing Cloud
 19028 | Lair:3   | Reached skill level 7 in Evocations
 19247 | Lair:3   | You pick up a book of Minor Magic and begin reading...
 19247 | Lair:3   | You add the spells Magic Dart and Call Imp to your library.
 19907 | Lair:4   | Reached ***** piety under Vehumet
 20094 | Lair:4   | Offered knowledge of Eringya's Noxious Bog by Vehumet.
 20304 | Lair:4   | Reached skill level 8 in Evocations
 20373 | Lair:4   | Reached skill level 12 in Fire Magic
 20431 | Lair:4   | Reached skill level 14 in Spellcasting
 20784 | Lair:4   | Noticed an azure jelly
 20785 | Lair:4   | Found a runed translucent door.
 20785 | Lair:4   | Found a viscous altar of Jiyva.
 20786 | Lair:4   | Found a staircase to the Slime Pits.
 21049 | Lair:5   | Entered Level 5 of the Lair of Beasts
 21170 | Lair:5   | Reached skill level 13 in Dodging
 21475 | Lair:5   | Reached skill level 9 in Evocations
 21614 | Lair:5   | Noticed a dire elephant
 21614 | Lair:5   | Noticed a dire elephant
 21901 | Lair:5   | Reached XP level 14. HP: 80/80 MP: 22/34
 22215 | Lair:5   | Reached skill level 15 in Spellcasting
 22229 | Lair:5   | Learned a level 6 spell: Eringya's Noxious Bog
 22566 | Lair:5   | Reached skill level 13 in Fire Magic
 22905 | Lair:5   | Reached skill level 1 in Transmutations
 22905 | Lair:5   | Reached skill level 1 in Poison Magic
 23027 | Lair:5   | Reached skill level 14 in Dodging
 23140 | Lair:5   | You add the spells Alistair's Intoxication and Borgnjor's
                  | Vile Clutch to your library.
 23434 | D:11     | Found a gate leading to a gauntlet.
 23475 | Gauntlet | Entered a Gauntlet
 23475 | Gauntlet | Found a transporter.
 23485 | Gauntlet | Found a transporter.
 23494 | Gauntlet | Found a transporter.
 23509 | Gauntlet | Found a transporter.
 23515 | Gauntlet | Found a transporter.
 23530 | Gauntlet | Found a transporter.
 23550 | Gauntlet | Found a transporter.
 23569 | Gauntlet | Found a transporter.
 23577 | Gauntlet | Found a transporter.
 23586 | Gauntlet | Found a transporter.
 23595 | Gauntlet | Found a transporter.
 23595 | Gauntlet | Found a transporter.
 23614 | Gauntlet | Found a transporter.
 23619 | Gauntlet | Found a transporter.
 23621 | Gauntlet | Found a transporter.
 23644 | Gauntlet | Found a transporter.
 23653 | Gauntlet | Found a transporter.
 23696 | Gauntlet | Found a transporter.
 24088 | Gauntlet | Reached skill level 2 in Transmutations
 24088 | Gauntlet | Reached skill level 2 in Poison Magic
 24226 | Gauntlet | Reached skill level 10 in Evocations
 24295 | Gauntlet | Identified the amulet of Uleneffi {Reflect Dex+9 SH+5}
 24308 | Gauntlet | Identified the +0 cloak of the True Pharaoh {rC+ Str+3
                  | Int-3}
 24353 | Gauntlet | Learned a level 3 spell: Mephitic Cloud
 24409 | Gauntlet | Identified the +10 shortbow of Crusades {venom, rElec Str+4
                  | Stlth-}
 24409 | Gauntlet | Identified the +8 great mace "Qoawk" {vorpal, *Slow +Blink
                  | rN+++ Dex-5}
 24527 | D:11     | Noticed Fannar
 24528 | D:11     | Reached skill level 3 in Poison Magic
 24543 | D:11     | Reached skill level 3 in Transmutations
 24547 | D:11     | Killed Fannar
 24678 | D:11     | Noticed Josephine
 24691 | D:11     | HP: 15/76 [Josephine/ghostly fireball (17)]
 24694 | D:11     | Killed Josephine
 24942 | D:11     | Noticed Erolcha
 24949 | D:11     | Killed Erolcha
 25177 | D:11     | You pick up a book of Fire and begin reading...
 25177 | D:11     | You add the spells Fireball, Starburst and Ignition to your
                  | library.
 25212 | D:11     | Found a runed translucent door.
 25215 | D:11     | Noticed SirDiesAlot's ghost (journeyman DsFi)
 25321 | D:11     | Learned a level 8 spell: Ignition
 25431 | D:11     | Reached skill level 4 in Transmutations
 25431 | D:11     | Reached skill level 4 in Poison Magic
 25481 | D:11     | Killed SirDiesAlot's ghost
 25534 | D:12     | Found a frozen archway.
 25546 | D:12     | Reached skill level 16 in Spellcasting
 25553 | IceCv    | Entered an ice cave
 25793 | IceCv    | Reached ****** piety under Vehumet
 25943 | IceCv    | Identified a scroll of acquirement
 25943 | IceCv    | Acquired a book of Lightning
 25946 | IceCv    | You pick up a book of Lightning and begin reading...
 25946 | IceCv    | You add the spells Static Discharge, Lightning Bolt and
                  | Maxwell's Capacitive Coupling to your library.
 25972 | IceCv    | Noticed a reaper
 25987 | IceCv    | Killed a reaper
 25988 | IceCv    | Reached skill level 5 in Poison Magic
 26209 | D:12     | Reached skill level 5 in Transmutations
 26232 | D:12     | Reached XP level 15. HP: 84/84 MP: 29/37
 26686 | D:12     | Found a staircase to the Orcish Mines.
 26831 | Orc:1    | Entered Level 1 of the Orcish Mines
 26851 | Orc:1    | Reached skill level 15 in Dodging
 26937 | Orc:1    | Noticed Nergalle
 26946 | Orc:1    | Killed Nergalle
 27165 | Orc:1    | Found a transporter.
 27181 | Orc:1    | Noticed quixfox's ghost (journeyman GrEE)
 27183 | Orc:1    | Found a transporter.
 27489 | Orc:2    | Entered Level 2 of the Orcish Mines
 27502 | Orc:2    | Offered knowledge of Yara's Violent Unravelling by Vehumet.
 27546 | Orc:2    | Noticed Urug
 27549 | Orc:2    | Killed Urug
 27829 | Orc:2    | Reached skill level 1 in Ranged Weapons
 28016 | Orc:2    | Reached skill level 6 in Transmutations
 28027 | Orc:2    | Found a staircase to the Elven Halls.
 28050 | Orc:2    | Found Xaew Botze's General Store.
 28050 | Orc:2    | Found Wulerphip's Distillery.
 28052 | Orc:2    | Found Behuf's Armour Boutique.
 28054 | Orc:2    | Found Qaitzim's Antique Armour Shoppe.
 28073 | Orc:2    | Reached skill level 6 in Poison Magic
 28487 | Orc:2    | Bought a potion of might for 48 gold pieces
 28596 | D:13     | Reached skill level 2 in Ranged Weapons
 28706 | D:13     | Found a transporter.
 28780 | D:13     | Noticed Fyzyjia Apiu's ghost (journeyman VSAK)
 28788 | D:13     | Found a transporter.
 28898 | D:13     | Found a bloodstained altar of Trog.
 29107 | D:13     | Noticed Rupert
 29127 | D:13     | HP: 14/84 [Rupert/+2 great mace of venom (27)]
 29127 | D:13     | Demolished by Rupert

Vanquished Creatures
  A reaper (IceCv)
  A minotaur (Gauntlet)
  A dire elephant (Lair:5)
  Josephine (D:11)
  A yaktaur captain (D:11)
  Fannar (D:11)
  Erolcha (D:11)
  The ghost of SirDiesAlot the Basher, a journeyman DsFi of Okawaru (D:11)
  4 hydras
  2 catoblepae
  5 two-headed ogres
  20 death yaks
  A centaur warrior (Orc:2)
  A spectral dire elephant (Lair:5)
  Urug (Orc:2)
  Nergalle (Orc:1)
  2 spectral death yaks (Lair:5)
  A spectral anaconda (Lair:5)
  2 glowing orange brains (Gauntlet)
  An orc knight (Orc:1)
  A lindwurm (Lair:5)
  A deep elf pyromancer (D:13)
  4 ugly things
  Pikel (D:4)
  A wolf spider (Lair:2)
  A manticore (D:12)
  3 necromancers (Lair:5)
  2 cyclopes
  8 elephants (Lair:5)
  Maurice (D:8)
  3 black mambas
  An eye of devastation (Gauntlet)
  3 ice statues
  A dire elephant skeleton (Lair:5)
  5 rime drakes
  4 molten gargoyles (D:12)
  9 cane toads
  An unseen horror (D:12)
  2 kobold demonologists
  9 komodo dragons
  2 trolls
  An entropy weaver simulacrum (IceCv)
  6 ice devils (IceCv)
  Grinder (D:5)
  Prince Ribbit (D:8)
  A hornet (D:10)
  19 blink frogs
  A polar bear (Lair:5)
  A queen bee (Lair:2)
  A spectral elephant (Lair:5)
  5 slime creatures (D:12)
  A shadow (D:7)
  2 dire elephant simulacra
  4 wyverns
  3 basilisks
  3 vampires
  53 yaks
  5 wraiths
  6 vampire mosquitoes
  A death yak simulacrum (IceCv)
  Menkaure (D:5)
  3 wargs
  A spectral cane toad (Lair:5)
  An acid dragon (D:12)
  7 water moccasins
  2 floating eyes (Gauntlet)
  35 orc warriors
  2 sky beasts
  7 black bears
  3 ogres
  An elephant zombie (Lair:5)
  29 wolves
  9 centaurs
  2 elephant skeletons (Lair:5)
  A phantom (D:2)
  4 kobold brigands
  A lemure (D:4)
  9 bullfrogs
  A gnoll sergeant (D:10)
  3 necrophages
  4 cane toad simulacra
  A two-headed ogre simulacrum (IceCv)
  2 scorpions
  13 wights
  33 killer bees
  5 elephant simulacra (Lair:5)
  3 howler monkeys
  2 lava snakes (D:12)
  8 hounds
  2 jellies
  9 orc priests
  A gnoll bouda (D:6)
  3 iguanas
  2 spriggan simulacra (D:12)
  19 orc wizards
  3 hell rats (D:10)
  8 troll simulacra
  3 polar bear simulacra
  2 wolf simulacra (IceCv)
  16 gnolls
  6 river rats
  9 adders
  5 naga simulacra
  A shadow imp (D:7)
  2 white imps (D:8)
  3 ufetubi (IceCv)
  3 worms
  69 orcs
  16 ball pythons
  3 endoplasms (D:1)
  2 giant cockroaches
  3 goblins (D:4)
  7 hobgoblins
  13 jackals
  2 quokkas
  A bat (D:1)
  5 frilled lizards
  17 kobolds
  9 rats
  A butterfly (Lair:1)
665 creatures vanquished.

Vanquished Creatures (collateral kills)
  2 death yaks (D:10)
  37 foxfires
39 creatures vanquished.

Vanquished Creatures (others)
  1472 foxfires
  21 fungi
  35 plants
  41 withered plants (Lair:5)
1569 creatures vanquished.

Grand Total: 2273 creatures vanquished

Table legend:
 A = Non-vault XP
 B = Vault XP
 C = Vault XP percentage of total XP
 D = Non-vault monster count
 E = Vault monster count
 F = Vault count percentage of total count
                 A         B        C        D         E       F
            +---------+---------+-------+---------+---------+-------
      Total |   73020 |   45622 |  38.5 |     427 |     238 |  35.8
            +---------+---------+-------+---------+---------+-------
        D:1 |      36 |       0 |   0.0 |      21 |       0 |   0.0
        D:2 |     149 |       0 |   0.0 |      10 |       0 |   0.0
        D:3 |      56 |       0 |   0.0 |       9 |       0 |   0.0
        D:4 |     712 |     589 |  45.3 |      29 |       3 |   9.4
        D:5 |     437 |     461 |  51.3 |       7 |       2 |  22.2
        D:6 |    1548 |       0 |   0.0 |      36 |       0 |   0.0
        D:7 |    1468 |       0 |   0.0 |      21 |       0 |   0.0
        D:8 |    1110 |    1136 |  50.6 |      12 |      26 |  68.4
        D:9 |    2083 |       0 |   0.0 |      25 |       0 |   0.0
       D:10 |    4370 |    2557 |  36.9 |      26 |       8 |  23.5
       D:11 |    4830 |    5277 |  52.2 |      27 |       9 |  25.0
       D:12 |    5407 |    1934 |  26.3 |      17 |      12 |  41.4
       D:13 |    3413 |       0 |   0.0 |       7 |       0 |   0.0
     Lair:1 |    5792 |     385 |   6.2 |      26 |       1 |   3.7
     Lair:2 |   11172 |    3242 |  22.5 |      45 |      32 |  41.6
     Lair:3 |    4399 |       0 |   0.0 |      12 |       0 |   0.0
     Lair:4 |    8783 |     982 |  10.1 |      25 |       3 |  10.7
     Lair:5 |   14243 |   11906 |  45.5 |      33 |      29 |  46.8
      Orc:1 |    1420 |     775 |  35.3 |      12 |       1 |   7.7
      Orc:2 |    1592 |    5162 |  76.4 |      27 |      38 |  58.5
      Sewer |       0 |     265 | 100.0 |       0 |      32 | 100.0
      IceCv |       0 |    5365 | 100.0 |       0 |      31 | 100.0
   Gauntlet |       0 |    5586 | 100.0 |       0 |      11 | 100.0
            +---------+---------+-------+---------+---------+-------

Illustrated notes

Table legend:
 A = Kills in this place as a percentage of kills in entire the game.
 B = Kills by you in this place as a percentage of kills by you in the entire game.
 C = Kills by friends in this place as a percentage of kills by friends in the entire game.
 D = Other kills in this place as a percentage of other kills in the entire game.
 E = Experience gained in this place as a percentage of experience gained in the entire game.
 F = Experience gained in this place divided by the number of levels of this place that you have seen.
                   A       B       C       D       E      F
               +-------+-------+-------+-------+-------+----------------------
         Total | 100.0 | 100.0 | 100.0 |   N/A | 100.0 | 4943.4
       Dungeon |  46.2 |  46.0 | 100.0 |   N/A |  31.7 | 2890.2
          Lair |  31.0 |  31.1 |   0.0 |   N/A |  51.3 | 12180.8
  Orcish Mines |  11.7 |  11.8 |   0.0 |   N/A |   7.5 | 4474.5
         Sewer |   4.8 |   4.8 |   0.0 |   N/A |   0.2 | 265.0
      Ice Cave |   4.7 |   4.7 |   0.0 |   N/A |   4.5 | 5365.0
      Gauntlet |   1.7 |   1.7 |   0.0 |   N/A |   4.7 | 5586.0
               +-------+-------+-------+-------+-------+----------------------

Table legend: (Time is in decaauts)
 A = Elapsed time spent in this place.
 B = Non-inter-level travel time spent in this place.
 C = Inter-level travel time spent in this place.
 D = Time resting spent in this place.
 E = Time spent auto-exploring this place.
 F = Levels seen in this place.
 G = Mean time per level.
                   A        B        C        D        E       F      G
               +--------+--------+--------+--------+--------+-----+--------+
         Total |  29520 |  28224 |   1296 |   1562 |  21253 |  24 | 1230.0 |
       Dungeon |  16843 |  16050 |    793 |    963 |  12378 |  13 | 1295.6 |
        Temple |    295 |    239 |     56 |      0 |    227 |   1 |  295.0 |
          Lair |   7688 |   7331 |    357 |    479 |   5645 |   5 | 1537.6 |
  Orcish Mines |   1795 |   1705 |     90 |     25 |   1300 |   2 |  897.5 |
         Sewer |   1278 |   1278 |      0 |     95 |    994 |   1 | 1278.0 |
      Ice Cave |    625 |    625 |      0 |      0 |    335 |   1 |  625.0 |
      Gauntlet |    994 |    994 |      0 |      0 |    373 |   1 |  994.0 |
               +--------+--------+--------+--------+--------+-----+--------+

Top non-repeatable levels by time:
  Lair:5: 1921 daAuts
     D:9: 1845 daAuts
     D:7: 1826 daAuts
     D:1: 1714 daAuts
  Lair:2: 1679 daAuts
     D:4: 1627 daAuts
     D:5: 1483 daAuts
  Lair:4: 1475 daAuts
  Lair:3: 1438 daAuts
     D:8: 1324 daAuts
   Sewer: 1278 daAuts
     D:6: 1266 daAuts
     D:2: 1265 daAuts
  Lair:1: 1174 daAuts
    D:11: 1149 daAuts
